 Dungeon Crawl Stone Soup version 0.22.1-2-g9c5b331383 (webtiles) character file.

66 Jynx the Grave Robber (level 3, -5/24 HPs)
             Began as a Vampire Necromancer on Dec 23, 2018.
             Slain by a worm (10 damage)
             ... on level 2 of the Dungeon.
             The game lasted 00:02:48 (2210 turns).

Jynx the Grave Robber (Vampire Necromancer)         Turns: 2210, Time: 00:02:49

Health: -5/24      AC:  2    Str:  7    XL:     3   Next: 96%
Magic:  0/6        EV: 13    Int: 18    God:
Gold:   36         SH:  0    Dex: 14    Spells: 5/6 levels left

rFire    . . .     SeeInvis +   e - +1 dagger
rCold    + . .     Gourm    .   (no shield)
rNeg     + + .     Faith    .   a - +0 robe
rPois    +         Spirit   .   (no helmet)
rElec    .         Reflect  .   (no cloak)
rCorr    .         Harm     .   (no gloves)
MR       .....                  (no boots)
Stlth    +++.......             (no amulet)
HPRegen  0.04/turn              (no ring)
MPRegen  0.10/turn              (no ring)

@: regenerating slowly
A: fangs 3, see invisible, unbreathing
a: Bat Form


You were on level 2 of the Dungeon.
You were thirsty.

You visited 1 branch of the dungeon, and saw 2 of its levels.

You collected 36 gold pieces.

Inventory:

Hand Weapons
 e - a +1 dagger (weapon)
Armour
 a - a +0 robe (worn)
Scrolls
 g - a scroll of enchant weapon
Potions
 c - 4 potions of blood


   Skills:
 + Level 1.1 Short Blades
 + Level 3.0 Dodging
 - Level 3.0 Stealth
 + Level 2.4 Spellcasting
 * Level 5.2 Necromancy


You had 5 spell levels left.
You knew the following spells:

 Your Spells              Type           Power        Failure   Level  Hunger
a - Pain                  Necr           ###.         1%          1    #......

Your spell library contained the following spells:

 Spells                   Type           Power        Failure   Level  Hunger
 Animate Skeleton         Necr           N/A          1%          1    #......
 Vampiric Draining        Necr           ###.......   6%          3    ###....
 Regeneration             Chrm/Necr      ##........   19%         3    ###....
 Animate Dead             Necr           N/A          21%         4    #####..


Dungeon Overview and Level Annotations

Branches:
Dungeon (2/15)

Altars:
Ashenzari


Innate Abilities, Weirdness & Mutations

You heal slowly.
You have razor-sharp teeth.
You have supernaturally acute eyesight. (SInv)
You can survive without breathing.


Message History

The worm writhes in agony!
Casting: Pain (safe; 1% risk of failure)
Confirm with . or Enter, or press ? or * to list all spells.
You don't have enough magic to cast that spell.
Casting: Pain (safe; 1% risk of failure)
Confirm with . or Enter, or press ? or * to list all spells.
You don't have enough magic to cast that spell.
Casting: Pain (safe; 1% risk of failure)
Confirm with . or Enter, or press ? or * to list all spells.
You don't have enough magic to cast that spell.
You barely miss the worm.
The worm is heavily wounded.
The worm bites you!
* * * LOW HITPOINT WARNING * * *
You hit the worm.
The worm is heavily wounded.
You hit the worm.
The worm is heavily wounded.
The worm bites you!
You die...

#.# #..............#...#..# ..#
#.........###..#...#..# ..#
#.........# #......#..# .>##
#.........####.....#..# ...#
#...............)..#).# ##÷#
#.....w....######..#..#
##'#####'#####.#.# ...#..#..#
#..†.........#.#w#†#..#..#..#
#......[....)#.#@#.#.##..#..#
#............#.#.#....w..#..#####
#............#.#.###.###.#.......
#............#.#.#.......#..####.
#............#.#.#.#w#####.#...#.
#...........[# #.#.#.# #.#.#.#.
#..........[.# #.# #.# #.#.#.#.
#............# #.# #.# #.#.#.#.
############## #.# ..# #.#.#.#.


You could see a worm.

Vanquished Creatures
  2 adders (D:2)
  An ooze (D:2)
  3 worms (D:2)
  2 dart slugs (D:1)
  2 leopard geckos (D:1)
  6 goblins
  3 hobgoblins
  3 kobolds
  A quokka (D:2)
  4 bats
  A frilled lizard (D:1)
28 creatures vanquished.

Notes
Turn   | Place    | Note
-------+----------+-------------------------------------------
     0 | D:1      | Jynx the Vampire Necromancer began the quest for the Orb.
     0 | D:1      | Reached XP level 1. HP: 13/13 MP: 3/3
   282 | D:1      | Reached XP level 2. HP: 13/19 MP: 0/5
   701 | D:1      | Found a shattered altar of Ashenzari.
  1419 | D:2      | Reached XP level 3. HP: 11/24 MP: 0/6
  1821 | D:2      | Reached skill level 5 in Necromancy
  2060 | D:2      | Reached skill level 1 in Short Blades
  2210 | D:2      | Slain by a worm

Skill      XL: |  1  2  3 |
---------------+----------+-----
Necromancy     | 5 |  5.2
Short Blades   | 1 |  1.1
Dodging        | 3 |  3.0
Stealth        | |  3.0
Spellcasting   | |  2.4

Action                   || total
-------------------------++-------
Melee: Unarmed           ||     8
       Bite              ||     3
       Dagger            ||    24
 Cast: Pain              ||    67
  Use: Scroll            ||     4
 Stab: Sleeping          ||     4
  Eat: Corpse            ||     3
Armor: Robe              ||     7
Dodge: Dodged            ||    27
